[ AOE2 MATCH · #469479129 ]
Team RMInca vs Japanese
[ REPLAY ANALYSIS · EXTRACTED FROM THE RECORDED GAME ]
Feudal
10:31
Castle
26:34
Imperial
34:21
| APM avg | 30.7 |
| APM peak | 65 |
| eAPM avg | 16.9 |
| Villagers / military | 81 / 35 |
Focus
⚔️ 28.1% · 🌾 71.9%
Kamayuk ×34 · Unknown (2550) ×32 · Mangonel ×1
Feudal
13:25
Castle
17:02
Imperial
38:28
| APM avg | 39.5 |
| APM peak | 99 |
| eAPM avg | 18.6 |
| Villagers / military | 150 / 27 |
Focus
⚔️ 16.4% · 🌾 83.6%
Scorpion ×20 · Knight ×4 · Monk ×3
Feudal
11:30
Castle
16:40
Imperial
34:44
| APM avg | 18.8 |
| APM peak | 54 |
| eAPM avg | 11.3 |
| Villagers / military | 70 / 91 |
Focus
⚔️ 30.2% · 🌾 69.8%
Camel Scout ×62 · Knight ×25 · Battering Ram ×3 · Scorpion ×1
Feudal
15:26
Castle
28:21
Imperial
—
| APM avg | 20.4 |
| APM peak | 44 |
| eAPM avg | 14.8 |
| Villagers / military | 112 / 17 |
Focus
⚔️ 25.6% · 🌾 74.4%
Archer ×12 · Militia ×2 · Battering Ram ×2 · Monk ×1
Feudal
12:05
Castle
—
Imperial
—
| APM avg | 32.2 |
| APM peak | 65 |
| eAPM avg | 13.6 |
| Villagers / military | 62 / 9 |
Focus
⚔️ 23.6% · 🌾 76.4%
Skirmisher ×9
Feudal
9:46
Castle
26:06
Imperial
—
| APM avg | 38.7 |
| APM peak | 82 |
| eAPM avg | 19.2 |
| Villagers / military | 134 / 93 |
Focus
⚔️ 35.2% · 🌾 64.8%
Archer ×82 · Mameluke ×5 · Mangonel ×3 · Battering Ram ×2 · Monk ×1
Feudal
10:54
Castle
24:27
Imperial
39:53
| APM avg | 30.5 |
| APM peak | 74 |
| eAPM avg | 17.2 |
| Villagers / military | 120 / 85 |
Focus
⚔️ 28.0% · 🌾 72.0%
Militia ×52 · Monk ×16 · Warrior Priest ×8 · Spearman ×5 · Battering Ram ×4
Feudal
10:47
Castle
14:38
Imperial
30:03
| APM avg | 29.3 |
| APM peak | 68 |
| eAPM avg | 18.6 |
| Villagers / military | 158 / 68 |
Focus
⚔️ 18.6% · 🌾 81.4%
War Elephant ×68
Match map
Initial resources + every placement click. Lines = walls · curves = elevation contours. ◆ gold · ⬟ stone · ● berries · ✦ relic · ◌ wall gap
Your base· ✓ Closed at 26:34 · 0t walls · no gate
^0^Nova^0^'s base· ✓ Closed at 17:02 · 1t walls · fragile
eterna1's base· Open — unwalled flank
Your Mom's Favorite Athlete's base· ✓ Closed at 28:21 · 13t walls · 5 gate(s)
SaD's base· Open — unwalled flank
TheGrainmaker's base· Open — opponent sealed themselves in
severo7cm's base· ✓ Closed at 24:27 · 16t walls · 1 gate(s)
^_^'s base· ✓ Closed at 14:38 · 13t walls · fragile
Smoothed initial terrain · ◌ = detected wall gap · hover for details
Inputs per minute
— RedJohn - - ^0^Nova^0^
Build order — RedJohn
First 150 of 242 actions detected
| 0:01 | Create | Villager (Male) |
| 0:01 | Create | Villager (Male) |
| 0:03 | Build | House |
| 0:04 | Build | House |
| 0:05 | Create | Villager (Male) |
| 0:16 | Create | Villager (Male) |
| 0:17 | Create | Villager (Male) |
| 1:40 | Create | Villager (Male) |
| 1:41 | Create | Villager (Male) |
| 1:42 | Research | Loom |
| 2:07 | Create | Villager (Male) |
| 2:07 | Create | Villager (Male) |
| 2:34 | Create | Villager (Male) |
| 2:34 | Create | Villager (Male) |
| 2:59 | Create | Villager (Male) |
| 3:00 | Create | Villager (Male) |
| 3:20 | Create | Villager (Male) |
| 3:20 | Create | Villager (Male) |
| 4:04 | Create | Villager (Male) |
| 4:15 | Create | Villager (Male) |
| 4:16 | Create | Villager (Male) |
| 4:54 | Create | Villager (Male) |
| 4:55 | Create | Villager (Male) |
| 5:09 | Create | Villager (Male) |
| 5:09 | Create | Villager (Male) |
| 5:09 | Create | Villager (Male) |
| 5:15 | Create | Villager (Male) |
| 5:15 | Create | Villager (Male) |
| 5:23 | Create | Villager (Male) |
| 5:23 | Create | Villager (Male) |
| 5:48 | Create | Villager (Male) |
| 6:02 | Build | Settlement |
| 6:52 | Build | House |
| 6:56 | Create | Villager (Male) |
| 7:30 | Create | Villager (Male) |
| 8:14 | Build | Settlement |
| 8:20 | Research | Feudal Age |
| 8:20 | Research | Feudal Age |
| 9:27 | Build | Barracks |
| 9:31 | Create | Villager (Male) |
| 9:41 | Create | Villager (Male) |
| 10:12 | Build | Settlement |
| 10:28 | Create | Unit 2550 |
| 10:29 | Create | Unit 2550 |
| 10:31 | Age | Feudal Age |
| 10:42 | Build | Watch Tower |
| 11:29 | Create | Villager (Male) |
| 11:38 | Create | Unit 2550 |
| 11:45 | Research | Double-Bit Axe |
| 11:57 | Build | Barracks |
| 12:10 | Research | Tech 1402 |
| 12:14 | Create | Villager (Male) |
| 12:17 | Create | Villager (Male) |
| 12:32 | Research | Horse Collar |
| 12:33 | Research | Horse Collar |
| 12:37 | Build | Farm |
| 12:40 | Build | Farm |
| 12:45 | Create | Villager (Male) |
| 12:49 | Create | Unit 2550 |
| 12:50 | Create | Unit 2550 |
| 12:51 | Research | Arson |
| 12:52 | Research | Arson |
| 13:01 | Create | Unit 2550 |
| 13:03 | Create | Unit 2550 |
| 13:22 | Create | Unit 2550 |
| 13:22 | Create | Unit 2550 |
| 13:26 | Create | Villager (Male) |
| 13:30 | Build | Farm |
| 13:47 | Create | Unit 2550 |
| 13:49 | Create | Villager (Male) |
| 13:50 | Create | Villager (Male) |
| 14:01 | Build | Farm |
| 14:21 | Create | Unit 2550 |
| 14:21 | Create | Unit 2550 |
| 14:39 | Build | Farm |
| 15:07 | Build | Blacksmith |
| 15:11 | Create | Unit 2550 |
| 15:11 | Create | Unit 2550 |
| 15:12 | Create | Unit 2550 |
| 15:12 | Create | Unit 2550 |
| 15:29 | Create | Unit 2550 |
| 15:30 | Create | Unit 2550 |
| 15:40 | Build | Farm |
| 15:41 | Build | Farm |
| 15:47 | Create | Villager (Male) |
| 15:47 | Create | Villager (Male) |
| 15:47 | Create | Villager (Male) |
| 15:50 | Build | Farm |
| 16:32 | Create | Villager (Male) |
| 16:33 | Create | Villager (Male) |
| 16:34 | Create | Villager (Male) |
| 16:34 | Create | Villager (Male) |
| 16:34 | Create | Villager (Male) |
| 16:59 | Create | Unit 2550 |
| 17:00 | Create | Unit 2550 |
| 17:01 | Create | Unit 2550 |
| 17:01 | Create | Unit 2550 |
| 17:20 | Create | Villager (Male) |
| 17:20 | Create | Villager (Male) |
| 17:50 | Create | Villager (Male) |
| 17:50 | Create | Villager (Male) |
| 17:51 | Create | Villager (Male) |
| 17:51 | Create | Villager (Male) |
| 18:10 | Create | Unit 2550 |
| 18:10 | Create | Unit 2550 |
| 18:11 | Create | Unit 2550 |
| 18:11 | Create | Unit 2550 |
| 18:30 | Create | Unit 2550 |
| 18:36 | Create | Villager (Male) |
| 18:37 | Create | Villager (Male) |
| 18:59 | Create | Unit 2550 |
| 18:59 | Create | Unit 2550 |
| 19:11 | Create | Villager (Male) |
| 19:12 | Create | Villager (Male) |
| 19:12 | Create | Villager (Male) |
| 19:27 | Create | Villager (Male) |
| 19:28 | Create | Villager (Male) |
| 19:33 | Build | Farm |
| 19:34 | Build | Farm |
| 19:34 | Build | Farm |
| 19:34 | Build | Farm |
| 19:36 | Build | Farm |
| 19:37 | Build | Farm |
| 19:37 | Build | Farm |
| 19:38 | Build | Farm |
| 19:38 | Build | Farm |
| 19:38 | Build | Farm |
| 19:38 | Build | Farm |
| 19:38 | Build | Farm |
| 19:39 | Build | Farm |
| 20:18 | Create | Unit 2550 |
| 20:18 | Create | Unit 2550 |
| 20:18 | Create | Unit 2550 |
| 20:31 | Build | Farm |
| 20:32 | Build | Farm |
| 21:05 | Create | Villager (Male) |
| 21:22 | Research | Scale Mail Armor |
| 21:38 | Research | Wheelbarrow |
| 21:41 | Build | Farm |
| 21:45 | Build | Farm |
| 21:45 | Build | Farm |
| 22:29 | Build | Farm |
| 22:29 | Build | Farm |
| 22:30 | Build | Farm |
| 22:30 | Build | Farm |
| 22:30 | Build | Farm |
| 22:55 | Create | Villager (Male) |
| 23:20 | Build | Market |
| 23:22 | Create | Villager (Male) |
| 23:31 | Research | Gold Mining |
Build order — ^0^Nova^0^
First 150 of 310 actions detected
| 0:00 | Create | Villager (Male) |
| 0:01 | Create | Villager (Male) |
| 0:01 | Create | Villager (Male) |
| 0:01 | Create | Villager (Male) |
| 0:02 | Build | House |
| 0:03 | Build | House |
| 2:05 | Create | Villager (Male) |
| 2:05 | Create | Villager (Male) |
| 2:45 | Create | Villager (Male) |
| 2:45 | Create | Villager (Male) |
| 2:47 | Build | Lumber Camp |
| 3:11 | Research | Loom |
| 3:14 | Create | Villager (Male) |
| 3:14 | Create | Villager (Male) |
| 4:59 | Create | Villager (Male) |
| 4:59 | Create | Villager (Male) |
| 5:00 | Create | Villager (Male) |
| 5:14 | Build | Palisade Wall |
| 5:31 | Create | Villager (Male) |
| 5:31 | Create | Villager (Male) |
| 5:36 | Build | House |
| 6:31 | Create | Villager (Male) |
| 6:32 | Create | Villager (Male) |
| 7:07 | Create | Villager (Male) |
| 7:07 | Create | Villager (Male) |
| 7:15 | Build | House |
| 7:58 | Create | Villager (Male) |
| 7:59 | Create | Villager (Male) |
| 8:06 | Build | Mill |
| 8:12 | Create | Villager (Male) |
| 8:12 | Create | Villager (Male) |
| 8:27 | Build | Mining Camp |
| 8:50 | Create | Villager (Male) |
| 9:11 | Create | Villager (Male) |
| 10:25 | Create | Villager (Male) |
| 10:49 | Create | Villager (Male) |
| 10:53 | Build | Farm |
| 11:06 | Research | Feudal Age |
| 11:06 | Research | Feudal Age |
| 11:13 | Build | House |
| 11:21 | Build | Farm |
| 12:20 | Create | Villager (Male) |
| 12:21 | Create | Villager (Male) |
| 13:14 | Build | Farm |
| 13:25 | Age | Feudal Age |
| 13:52 | Build | Farm |
| 14:20 | Create | Villager (Male) |
| 14:22 | Research | Castle Age |
| 14:22 | Research | Castle Age |
| 15:36 | Build | Farm |
| 15:37 | Build | Farm |
| 15:40 | Research | Double-Bit Axe |
| 15:42 | Create | Villager (Male) |
| 15:42 | Create | Villager (Male) |
| 15:59 | Build | House |
| 16:00 | Build | House |
| 17:01 | Create | Villager (Male) |
| 17:02 | Age | Castle Age |
| 17:04 | Build | Town Center |
| 17:14 | Build | Siege Workshop |
| 17:29 | Build | Stone Wall |
| 17:30 | Build | Gate |
| 17:43 | Build | Stone Wall |
| 18:03 | Create | Scorpion |
| 18:03 | Create | Scorpion |
| 18:11 | Build | House |
| 18:25 | Build | Stable |
| 18:29 | Create | Villager (Male) |
| 18:29 | Create | Villager (Male) |
| 18:29 | Create | Villager (Male) |
| 18:30 | Create | Villager (Male) |
| 18:31 | Create | Villager (Male) |
| 18:31 | Create | Villager (Male) |
| 18:35 | Research | Horse Collar |
| 19:10 | Create | Knight |
| 19:10 | Create | Knight |
| 19:24 | Create | Scorpion |
| 19:24 | Create | Scorpion |
| 19:42 | Build | House |
| 19:44 | Build | House |
| 19:52 | Create | Villager (Male) |
| 19:53 | Create | Villager (Male) |
| 19:53 | Create | Villager (Male) |
| 19:53 | Create | Villager (Male) |
| 20:18 | Create | Villager (Male) |
| 20:19 | Create | Villager (Male) |
| 20:19 | Create | Villager (Male) |
| 20:21 | Build | Farm |
| 20:39 | Create | Villager (Male) |
| 20:40 | Create | Villager (Male) |
| 22:27 | Create | Villager (Male) |
| 22:28 | Create | Villager (Male) |
| 22:28 | Create | Villager (Male) |
| 22:28 | Create | Villager (Male) |
| 22:28 | Create | Villager (Male) |
| 22:39 | Build | Market |
| 22:47 | Build | Palisade Wall |
| 23:26 | Create | Villager (Male) |
| 23:27 | Create | Villager (Male) |
| 23:49 | Create | Knight |
| 24:02 | Create | Villager (Male) |
| 24:02 | Create | Villager (Male) |
| 24:03 | Create | Villager (Male) |
| 24:24 | Create | Knight |
| 24:53 | Build | Farm |
| 24:55 | Create | Villager (Male) |
| 24:55 | Create | Villager (Male) |
| 25:00 | Build | Farm |
| 25:00 | Build | Farm |
| 25:01 | Build | Farm |
| 25:01 | Build | Farm |
| 25:04 | Build | Farm |
| 25:04 | Build | Farm |
| 25:05 | Build | Farm |
| 25:05 | Build | Farm |
| 25:05 | Build | Farm |
| 25:05 | Build | Farm |
| 25:31 | Build | Farm |
| 25:43 | Build | Farm |
| 25:43 | Build | Farm |
| 25:43 | Build | Farm |
| 25:44 | Build | Farm |
| 25:47 | Research | Bow Saw |
| 25:59 | Create | Scorpion |
| 26:00 | Create | Scorpion |
| 26:00 | Create | Scorpion |
| 26:07 | Create | Villager (Male) |
| 26:07 | Create | Villager (Male) |
| 26:11 | Create | Villager (Male) |
| 26:19 | Create | Villager (Male) |
| 26:39 | Build | Farm |
| 26:45 | Build | House |
| 26:45 | Build | House |
| 26:46 | Build | House |
| 26:46 | Build | House |
| 26:46 | Build | House |
| 26:47 | Build | House |
| 26:47 | Build | House |
| 26:57 | Build | Mining Camp |
| 27:00 | Create | Villager (Male) |
| 27:01 | Create | Villager (Male) |
| 27:01 | Create | Villager (Male) |
| 27:01 | Create | Villager (Male) |
| 27:01 | Create | Villager (Male) |
| 27:01 | Create | Villager (Male) |
| 27:15 | Research | Wheelbarrow |
| 27:49 | Build | Farm |
| 28:00 | Build | Farm |
| 28:46 | Create | Villager (Male) |
| 28:46 | Create | Villager (Male) |
Build order — eterna1
First 150 of 233 actions detected
| 0:01 | Create | Villager (Male) |
| 0:02 | Create | Villager (Male) |
| 0:03 | Build | House |
| 0:09 | Build | House |
| 0:10 | Build | House |
| 0:17 | Create | Villager (Male) |
| 0:17 | Create | Villager (Male) |
| 1:40 | Create | Villager (Male) |
| 2:02 | Research | Loom |
| 2:10 | Create | Villager (Male) |
| 2:31 | Build | Lumber Camp |
| 2:38 | Create | Villager (Male) |
| 3:18 | Build | Palisade Wall |
| 3:20 | Create | Villager (Male) |
| 3:21 | Create | Villager (Male) |
| 3:52 | Create | Villager (Male) |
| 4:28 | Create | Villager (Male) |
| 5:01 | Create | Villager (Male) |
| 5:10 | Build | Palisade Wall |
| 5:25 | Create | Villager (Male) |
| 5:44 | Create | Villager (Male) |
| 6:25 | Create | Villager (Male) |
| 6:25 | Create | Villager (Male) |
| 6:31 | Build | House |
| 6:32 | Build | House |
| 6:55 | Create | Villager (Male) |
| 6:56 | Create | Villager (Male) |
| 7:05 | Build | Palisade Wall |
| 7:19 | Create | Villager (Male) |
| 8:08 | Build | Palisade Wall |
| 8:20 | Build | Mill |
| 8:30 | Create | Villager (Male) |
| 8:35 | Build | Mining Camp |
| 8:45 | Create | Villager (Male) |
| 9:05 | Research | Feudal Age |
| 10:23 | Create | Villager (Male) |
| 10:23 | Create | Villager (Male) |
| 11:29 | Build | House |
| 11:30 | Age | Feudal Age |
| 11:32 | Create | Villager (Male) |
| 11:45 | Create | Villager (Male) |
| 11:51 | Build | Market |
| 12:05 | Create | Villager (Male) |
| 12:26 | Build | Blacksmith |
| 12:48 | Create | Villager (Male) |
| 12:53 | Build | Farm |
| 13:10 | Build | Farm |
| 13:13 | Build | Farm |
| 13:15 | Build | Farm |
| 13:23 | Build | Farm |
| 13:24 | Build | Farm |
| 13:26 | Build | Farm |
| 13:29 | Create | Villager (Male) |
| 13:36 | Research | Castle Age |
| 14:05 | Research | Double-Bit Axe |
| 14:45 | Build | Farm |
| 16:09 | Create | Villager (Male) |
| 16:09 | Create | Villager (Male) |
| 16:10 | Create | Villager (Male) |
| 16:32 | Build | Barracks |
| 16:40 | Age | Castle Age |
| 16:51 | Build | Stone Wall |
| 17:03 | Build | Town Center |
| 17:07 | Create | Villager (Male) |
| 17:39 | Build | Stable |
| 17:44 | Create | Villager (Male) |
| 17:52 | Build | Farm |
| 17:55 | Build | Farm |
| 17:56 | Build | Farm |
| 18:10 | Build | Farm |
| 18:14 | Create | Villager (Male) |
| 18:15 | Create | Villager (Male) |
| 18:26 | Create | Knight |
| 18:29 | Build | Stable |
| 18:38 | Research | Scale Barding Armor |
| 18:45 | Create | Villager (Male) |
| 18:48 | Create | Villager (Male) |
| 19:01 | Build | Stone Wall |
| 19:18 | Create | Knight |
| 19:19 | Create | Knight |
| 19:24 | Build | House |
| 19:25 | Build | House |
| 19:26 | Build | House |
| 19:27 | Build | House |
| 19:35 | Build | Stable |
| 19:39 | Research | Forging |
| 19:45 | Research | Bloodlines |
| 19:53 | Create | Villager (Male) |
| 19:59 | Build | Farm |
| 20:01 | Build | Farm |
| 20:05 | Research | Gold Mining |
| 20:10 | Research | Horse Collar |
| 20:14 | Create | Knight |
| 20:28 | Create | Knight |
| 20:52 | Create | Knight |
| 20:58 | Build | Farm |
| 20:59 | Build | Farm |
| 21:00 | Build | Farm |
| 21:14 | Build | Farm |
| 21:16 | Create | Knight |
| 21:16 | Create | Knight |
| 21:28 | Build | House |
| 21:30 | Build | House |
| 22:06 | Research | Chain Barding Armor |
| 22:31 | Build | Siege Workshop |
| 22:34 | Create | Villager (Male) |
| 22:34 | Create | Villager (Male) |
| 22:57 | Create | Knight |
| 22:57 | Create | Knight |
| 22:58 | Create | Knight |
| 23:09 | Create | Battering Ram |
| 23:15 | Create | Villager (Male) |
| 23:15 | Create | Villager (Male) |
| 23:28 | Build | Mining Camp |
| 23:36 | Create | Knight |
| 24:14 | Create | Villager (Male) |
| 24:14 | Create | Villager (Male) |
| 24:17 | Create | Villager (Male) |
| 24:17 | Create | Villager (Male) |
| 24:50 | Research | Wheelbarrow |
| 24:51 | Create | Villager (Male) |
| 25:28 | Create | Knight |
| 25:28 | Create | Knight |
| 25:28 | Create | Knight |
| 25:46 | Research | Husbandry |
| 25:57 | Create | Villager (Male) |
| 25:57 | Create | Villager (Male) |
| 25:58 | Create | Villager (Male) |
| 26:02 | Build | Farm |
| 26:24 | Create | Villager (Male) |
| 26:24 | Create | Villager (Male) |
| 26:25 | Create | Villager (Male) |
| 26:25 | Create | Villager (Male) |
| 27:00 | Build | House |
| 27:01 | Build | House |
| 27:02 | Build | House |
| 27:03 | Build | House |
| 27:05 | Build | Farm |
| 27:14 | Build | Farm |
| 27:19 | Build | Farm |
| 27:20 | Build | Farm |
| 27:30 | Create | Knight |
| 27:30 | Create | Knight |
| 27:30 | Create | Knight |
| 28:04 | Research | Iron Casting |
| 28:06 | Create | Knight |
| 28:07 | Create | Knight |
| 28:08 | Create | Knight |
| 28:09 | Create | Knight |
| 28:32 | Create | Battering Ram |
Build order — Your Mom's Favorite Athlete
First 150 of 200 actions detected
| 0:01 | Create | Villager (Male) |
| 0:01 | Create | Villager (Male) |
| 0:02 | Create | Villager (Male) |
| 0:03 | Build | House |
| 0:04 | Build | House |
| 0:08 | Research | Loom |
| 0:08 | Create | Villager (Male) |
| 0:39 | Build | Palisade Gate |
| 0:42 | Build | Palisade Gate |
| 2:11 | Build | House |
| 2:19 | Build | House |
| 2:28 | Create | Villager (Male) |
| 2:28 | Create | Villager (Male) |
| 3:20 | Build | Palisade Wall |
| 4:29 | Create | Villager (Male) |
| 4:29 | Create | Villager (Male) |
| 4:29 | Create | Villager (Male) |
| 5:44 | Create | Villager (Male) |
| 6:07 | Create | Villager (Male) |
| 6:22 | Create | Villager (Male) |
| 6:24 | Create | Villager (Male) |
| 6:54 | Build | House |
| 6:58 | Build | House |
| 7:14 | Create | Villager (Male) |
| 7:30 | Create | Villager (Male) |
| 7:50 | Build | Lumber Camp |
| 8:22 | Build | Mill |
| 8:30 | Create | Villager (Male) |
| 8:31 | Create | Villager (Male) |
| 8:56 | Create | Villager (Male) |
| 9:06 | Build | Farm |
| 9:29 | Create | Villager (Male) |
| 9:54 | Create | Villager (Male) |
| 10:13 | Create | Villager (Male) |
| 10:41 | Build | Barracks |
| 11:07 | Build | Farm |
| 11:13 | Create | Villager (Male) |
| 11:15 | Create | Villager (Male) |
| 11:20 | Build | House |
| 11:56 | Build | Palisade Gate |
| 12:09 | Build | Palisade Wall |
| 12:22 | Build | House |
| 12:25 | Build | House |
| 12:27 | Build | House |
| 12:35 | Build | House |
| 12:37 | Build | House |
| 12:47 | Create | Villager (Male) |
| 12:48 | Create | Villager (Male) |
| 13:14 | Research | Feudal Age |
| 13:21 | Create | Militia |
| 13:22 | Create | Militia |
| 14:21 | Create | Villager (Male) |
| 14:24 | Create | Villager (Male) |
| 14:39 | Build | Mining Camp |
| 15:07 | Create | Villager (Male) |
| 15:08 | Create | Villager (Male) |
| 15:26 | Age | Feudal Age |
| 15:44 | Build | Farm |
| 15:57 | Build | Lumber Camp |
| 16:07 | Create | Villager (Male) |
| 16:07 | Create | Villager (Male) |
| 16:10 | Research | Double-Bit Axe |
| 16:36 | Build | House |
| 16:40 | Build | House |
| 16:53 | Build | Lumber Camp |
| 17:14 | Create | Villager (Male) |
| 17:14 | Create | Villager (Male) |
| 17:27 | Create | Villager (Male) |
| 17:51 | Build | Mining Camp |
| 18:07 | Create | Villager (Male) |
| 18:26 | Build | Market |
| 19:15 | Create | Villager (Male) |
| 19:15 | Create | Villager (Male) |
| 19:22 | Build | Archery Range |
| 19:27 | Create | Villager (Male) |
| 19:35 | Create | Villager (Male) |
| 19:43 | Build | Farm |
| 19:45 | Create | Archer |
| 19:45 | Create | Archer |
| 19:56 | Create | Archer |
| 20:12 | Create | Archer |
| 20:25 | Create | Archer |
| 20:39 | Create | Archer |
| 20:50 | Create | Villager (Male) |
| 21:07 | Create | Archer |
| 21:51 | Build | Lumber Camp |
| 21:59 | Build | Blacksmith |
| 22:02 | Build | Mining Camp |
| 22:04 | Create | Villager (Male) |
| 22:04 | Create | Villager (Male) |
| 22:06 | Create | Villager (Male) |
| 22:34 | Build | Farm |
| 22:54 | Build | Farm |
| 22:54 | Build | Farm |
| 22:54 | Build | Farm |
| 22:55 | Build | Farm |
| 22:55 | Build | Farm |
| 22:55 | Build | Farm |
| 22:56 | Build | Farm |
| 22:56 | Build | Farm |
| 23:20 | Build | Lumber Camp |
| 23:23 | Create | Villager (Male) |
| 23:24 | Create | Villager (Male) |
| 23:28 | Create | Villager (Male) |
| 25:16 | Create | Villager (Male) |
| 25:16 | Create | Villager (Male) |
| 25:38 | Research | Castle Age |
| 25:47 | Build | Farm |
| 26:18 | Build | Barracks |
| 26:23 | Build | Stable |
| 26:32 | Research | Forging |
| 26:38 | Create | Villager (Male) |
| 27:17 | Create | Villager (Male) |
| 27:32 | Create | Villager (Male) |
| 27:42 | Build | Gate |
| 27:45 | Build | Gate |
| 28:03 | Research | Horse Collar |
| 28:21 | Age | Castle Age |
| 28:45 | Build | Town Center |
| 28:58 | Build | Gate |
| 29:00 | Build | Gate |
| 29:05 | Build | Stone Wall |
| 29:10 | Build | Siege Workshop |
| 29:31 | Research | Wheelbarrow |
| 30:12 | Build | Town Center |
| 30:14 | Create | Villager (Male) |
| 30:14 | Create | Villager (Male) |
| 30:16 | Create | Villager (Male) |
| 30:16 | Create | Villager (Male) |
| 30:45 | Build | Farm |
| 30:45 | Build | Farm |
| 30:45 | Build | Farm |
| 30:45 | Build | Farm |
| 30:46 | Build | Farm |
| 30:46 | Build | Farm |
| 30:46 | Build | Farm |
| 30:49 | Create | Villager (Male) ×5 |
| 31:14 | Build | Monastery |
| 31:22 | Build | House |
| 31:22 | Build | House |
| 31:34 | Build | Mill |
| 31:48 | Build | Farm |
| 31:52 | Research | Hand Cart |
| 32:06 | Build | Gate |
| 32:24 | Create | Archer |
| 32:24 | Create | Archer |
| 32:24 | Create | Archer |
| 32:31 | Create | Villager (Male) ×5 |
| 33:02 | Build | University |
| 33:08 | Create | Villager (Male) ×4 |
Build order — SaD
141 actions detected in the replay
| 0:01 | Create | Villager (Male) ×4 |
| 0:28 | Research | Loom |
| 0:37 | Build | House |
| 0:42 | Create | Villager (Male) |
| 0:51 | Build | House |
| 0:55 | Build | House |
| 0:58 | Build | Palisade Wall |
| 1:02 | Create | Villager (Male) |
| 1:02 | Create | Villager (Male) |
| 1:47 | Create | Villager (Male) |
| 1:53 | Build | Lumber Camp |
| 1:55 | Build | Palisade Wall |
| 1:56 | Build | Palisade Wall |
| 1:57 | Build | Palisade Wall |
| 1:58 | Build | Palisade Wall |
| 2:44 | Create | Villager (Male) |
| 3:31 | Create | Villager (Male) |
| 3:47 | Create | Villager (Male) |
| 4:13 | Build | House |
| 4:16 | Create | Villager (Male) |
| 4:38 | Create | Villager (Male) |
| 5:11 | Create | Villager (Male) |
| 5:12 | Create | Villager (Male) |
| 5:59 | Create | Villager (Male) |
| 6:34 | Create | Villager (Male) |
| 6:55 | Create | Villager (Male) |
| 6:56 | Create | Villager (Male) |
| 7:16 | Create | Villager (Male) |
| 7:30 | Build | Mill |
| 7:36 | Create | Villager (Male) |
| 8:05 | Create | Villager (Male) |
| 8:32 | Create | Villager (Male) |
| 8:53 | Create | Villager (Male) |
| 8:54 | Create | Villager (Male) |
| 9:11 | Create | Villager (Male) |
| 9:12 | Create | Villager (Male) |
| 9:48 | Create | Villager (Male) |
| 9:50 | Research | Feudal Age |
| 10:10 | Build | Mining Camp |
| 10:30 | Create | Villager (Male) |
| 10:30 | Create | Villager (Male) |
| 11:07 | Build | House |
| 11:15 | Build | Lumber Camp |
| 11:29 | Build | House |
| 11:32 | Build | House |
| 11:47 | Create | Villager (Male) |
| 12:05 | Age | Feudal Age |
| 12:12 | Build | Watch Tower |
| 12:24 | Create | Villager (Male) |
| 12:27 | Research | Double-Bit Axe |
| 12:36 | Create | Villager (Male) |
| 13:30 | Build | Watch Tower |
| 14:05 | Create | Villager (Male) |
| 14:06 | Create | Villager (Male) |
| 14:31 | Create | Villager (Male) |
| 14:32 | Create | Villager (Male) |
| 14:43 | Build | Market |
| 14:46 | Build | Blacksmith |
| 14:52 | Create | Villager (Male) |
| 14:52 | Create | Villager (Male) |
| 15:08 | Build | Stone Wall |
| 15:43 | Build | Watch Tower |
| 15:48 | Build | House |
| 16:22 | Build | Stone Wall |
| 16:26 | Create | Villager (Male) |
| 16:26 | Create | Villager (Male) |
| 16:53 | Create | Villager (Male) |
| 16:54 | Create | Villager (Male) |
| 16:54 | Create | Villager (Male) |
| 16:54 | Create | Villager (Male) |
| 16:55 | Create | Villager (Male) |
| 17:29 | Build | Lumber Camp |
| 17:37 | Create | Villager (Male) |
| 17:37 | Create | Villager (Male) |
| 17:52 | Create | Villager (Male) |
| 17:53 | Create | Villager (Male) |
| 18:33 | Create | Villager (Male) |
| 18:38 | Build | Farm |
| 18:39 | Build | Farm |
| 18:50 | Build | House |
| 18:51 | Build | House |
| 18:59 | Build | House |
| 19:29 | Create | Villager (Male) |
| 19:29 | Create | Villager (Male) |
| 19:36 | Build | Farm |
| 19:48 | Build | House |
| 20:02 | Create | Villager (Male) |
| 20:14 | Build | Farm |
| 20:33 | Build | Farm |
| 20:52 | Create | Villager (Male) |
| 20:59 | Build | Palisade Wall |
| 21:22 | Build | Watch Tower |
| 21:37 | Create | Villager (Male) |
| 21:37 | Create | Villager (Male) |
| 21:46 | Build | Farm |
| 22:10 | Build | Barracks |
| 22:47 | Build | Farm |
| 22:50 | Build | Farm |
| 23:14 | Build | Archery Range |
| 23:42 | Build | Mining Camp |
| 23:56 | Create | Skirmisher |
| 23:56 | Create | Skirmisher |
| 23:56 | Create | Skirmisher |
| 23:57 | Create | Skirmisher |
| 23:57 | Create | Skirmisher |
| 24:01 | Research | Scale Mail Armor |
| 24:05 | Research | Padded Archer Armor |
| 24:14 | Create | Villager (Male) |
| 25:13 | Create | Skirmisher |
| 25:13 | Create | Skirmisher |
| 25:29 | Create | Skirmisher |
| 25:42 | Build | Farm |
| 26:23 | Create | Skirmisher |
| 26:28 | Build | Archery Range |
| 27:55 | Build | Watch Tower |
| 28:01 | Research | Fletching |
| 28:13 | Build | Watch Tower |
| 28:32 | Create | Villager (Male) |
| 29:31 | Build | Stone Wall |
| 29:40 | Build | Town Center |
| 30:09 | Build | Stone Wall |
| 30:20 | Build | Stone Wall |
| 30:21 | Build | Stone Wall |
| 31:21 | Build | Farm |
| 31:21 | Build | Farm |
| 31:22 | Build | Farm |
| 31:22 | Build | Farm |
| 32:22 | Create | Villager (Male) |
| 32:28 | Build | House |
| 32:29 | Build | House |
| 32:30 | Build | House |
| 32:31 | Build | House |
| 32:32 | Build | House |
| 32:33 | Build | House |
| 33:14 | Create | Villager (Male) |
| 33:32 | Create | Villager (Male) |
| 35:52 | Build | Market |
| 36:59 | Build | House |
| 37:01 | Build | House |
| 37:02 | Build | House |
| 38:56 | Build | Town Center |
Build order — TheGrainmaker
First 150 of 293 actions detected
| 0:01 | Create | Villager (Male) |
| 0:01 | Create | Villager (Male) |
| 0:01 | Create | Villager (Male) |
| 0:03 | Build | House |
| 0:04 | Build | House |
| 0:20 | Create | Villager (Male) |
| 1:26 | Create | Villager (Male) |
| 1:49 | Build | Lumber Camp |
| 1:53 | Create | Villager (Male) |
| 1:53 | Create | Villager (Male) |
| 2:22 | Create | Villager (Male) |
| 2:51 | Create | Villager (Male) |
| 2:51 | Create | Villager (Male) |
| 2:57 | Create | Villager (Male) |
| 3:31 | Create | Villager (Male) |
| 3:31 | Create | Villager (Male) |
| 3:53 | Build | House |
| 4:02 | Create | Villager (Male) |
| 4:20 | Create | Villager (Male) |
| 4:20 | Create | Villager (Male) |
| 4:53 | Create | Villager (Male) |
| 4:53 | Create | Villager (Male) |
| 5:31 | Build | Mill |
| 5:47 | Create | Villager (Male) |
| 6:05 | Build | House |
| 6:12 | Create | Villager (Male) |
| 6:19 | Create | Villager (Male) |
| 6:38 | Create | Villager (Male) |
| 7:36 | Research | Feudal Age |
| 8:00 | Build | Mining Camp |
| 8:03 | Create | Villager (Male) |
| 8:08 | Build | House |
| 8:15 | Build | Barracks |
| 8:50 | Create | Villager (Male) |
| 9:46 | Age | Feudal Age |
| 9:48 | Build | Archery Range |
| 9:51 | Build | Archery Range |
| 9:53 | Research | Double-Bit Axe |
| 9:54 | Create | Villager (Male) |
| 10:15 | Create | Villager (Male) |
| 10:28 | Build | House |
| 10:40 | Create | Archer |
| 10:42 | Create | Archer |
| 10:42 | Create | Archer |
| 11:08 | Create | Villager (Male) |
| 11:09 | Create | Archer |
| 11:13 | Build | Blacksmith |
| 11:30 | Create | Archer |
| 11:30 | Create | Archer |
| 11:32 | Create | Villager (Male) |
| 11:50 | Build | House |
| 12:05 | Research | Fletching |
| 12:05 | Research | Fletching |
| 12:05 | Research | Fletching |
| 12:09 | Create | Archer |
| 12:09 | Create | Archer |
| 12:18 | Create | Archer |
| 12:18 | Create | Archer |
| 12:27 | Create | Villager (Male) |
| 13:13 | Create | Archer |
| 13:13 | Create | Archer |
| 13:27 | Create | Villager (Male) |
| 13:28 | Create | Archer |
| 13:28 | Create | Archer |
| 13:40 | Build | House |
| 13:41 | Build | House |
| 13:47 | Build | Mill |
| 13:52 | Create | Villager (Male) |
| 13:52 | Create | Villager (Male) |
| 14:05 | Create | Archer |
| 14:05 | Create | Archer |
| 14:26 | Research | Loom |
| 14:27 | Create | Archer |
| 14:28 | Create | Archer |
| 14:52 | Create | Villager (Male) |
| 14:52 | Create | Villager (Male) |
| 15:19 | Create | Archer |
| 15:19 | Create | Archer |
| 15:28 | Create | Villager (Male) |
| 15:28 | Create | Villager (Male) |
| 15:30 | Create | Villager (Male) |
| 15:30 | Create | Villager (Male) |
| 15:31 | Create | Villager (Male) |
| 15:42 | Create | Archer |
| 15:43 | Create | Archer |
| 16:29 | Create | Villager (Male) |
| 16:29 | Create | Villager (Male) |
| 16:41 | Build | House |
| 16:42 | Build | House |
| 16:44 | Create | Villager (Male) |
| 16:44 | Create | Villager (Male) |
| 16:47 | Build | Mining Camp |
| 17:12 | Create | Archer |
| 17:13 | Create | Archer |
| 17:14 | Create | Villager (Male) |
| 17:15 | Create | Archer |
| 17:15 | Create | Archer |
| 17:22 | Build | Lumber Camp |
| 17:26 | Build | Farm |
| 17:27 | Build | Farm |
| 17:27 | Build | Farm |
| 17:27 | Build | Farm |
| 17:27 | Build | Farm |
| 17:29 | Create | Villager (Male) |
| 17:29 | Create | Villager (Male) |
| 17:58 | Create | Villager (Male) |
| 17:58 | Create | Archer |
| 17:59 | Create | Archer |
| 18:15 | Build | House |
| 18:17 | Build | House |
| 18:18 | Create | Archer |
| 18:18 | Create | Archer |
| 18:45 | Create | Villager (Male) |
| 18:53 | Create | Archer |
| 18:53 | Create | Archer |
| 18:55 | Research | Padded Archer Armor |
| 19:20 | Build | House |
| 19:21 | Create | Villager (Male) |
| 19:25 | Build | Farm |
| 19:27 | Build | Farm |
| 19:29 | Build | Farm |
| 19:30 | Build | Farm |
| 19:33 | Build | House |
| 19:34 | Build | House |
| 19:49 | Build | Stone Wall |
| 20:18 | Create | Archer |
| 20:18 | Create | Archer |
| 20:19 | Create | Villager (Male) |
| 20:19 | Create | Villager (Male) |
| 20:19 | Create | Villager (Male) |
| 20:54 | Create | Archer |
| 20:55 | Create | Archer |
| 21:06 | Build | Stone Wall |
| 21:10 | Build | Farm |
| 21:11 | Build | Farm |
| 21:11 | Build | Farm |
| 21:11 | Build | Farm |
| 21:11 | Build | Farm |
| 21:12 | Build | Farm |
| 21:12 | Build | Farm |
| 21:12 | Build | Farm |
| 21:21 | Create | Villager (Male) |
| 21:22 | Create | Archer |
| 21:23 | Create | Archer |
| 21:33 | Build | Stone Wall |
| 21:34 | Build | Stone Wall |
| 21:39 | Build | House |
| 21:46 | Create | Villager (Male) |
| 21:54 | Create | Archer |
| 21:54 | Create | Archer |
Build order — severo7cm
First 150 of 371 actions detected
| 0:02 | Create | Villager (Male) |
| 0:02 | Create | Villager (Male) |
| 0:03 | Create | Villager (Male) |
| 0:04 | Build | House |
| 0:05 | Build | House |
| 1:36 | Create | Villager (Male) |
| 1:36 | Create | Villager (Male) |
| 2:05 | Create | Villager (Male) |
| 2:06 | Create | Villager (Male) |
| 2:33 | Create | Villager (Male) |
| 2:48 | Create | Villager (Male) |
| 2:53 | Build | House |
| 2:54 | Build | House |
| 2:57 | Create | Villager (Male) |
| 3:42 | Create | Villager (Male) |
| 3:43 | Create | Villager (Male) |
| 4:07 | Create | Villager (Male) |
| 4:07 | Create | Villager (Male) |
| 4:32 | Create | Villager (Male) |
| 5:08 | Create | Villager (Male) |
| 5:08 | Create | Villager (Male) |
| 5:15 | Build | Mule Cart |
| 6:29 | Create | Villager (Male) |
| 6:29 | Create | Villager (Male) |
| 6:54 | Create | Villager (Male) |
| 7:01 | Create | Villager (Male) |
| 7:29 | Build | Mill |
| 7:37 | Build | House |
| 7:53 | Build | Mule Cart |
| 7:54 | Create | Villager (Male) |
| 7:55 | Create | Villager (Male) |
| 8:08 | Create | Villager (Male) |
| 8:40 | Research | Feudal Age |
| 9:04 | Build | Mule Cart |
| 9:12 | Create | Villager (Male) |
| 9:52 | Create | Villager (Male) |
| 10:52 | Build | Barracks |
| 10:54 | Age | Feudal Age |
| 11:09 | Build | Mule Cart |
| 11:13 | Research | Double-Bit Axe |
| 11:17 | Research | Horse Collar |
| 11:22 | Create | Villager (Male) |
| 11:22 | Create | Villager (Male) |
| 11:50 | Create | Villager (Male) |
| 11:51 | Create | Villager (Male) |
| 11:56 | Build | House |
| 11:57 | Build | House |
| 11:59 | Build | House |
| 12:01 | Build | House |
| 12:27 | Build | Barracks |
| 12:36 | Create | Villager (Male) |
| 12:55 | Build | Blacksmith |
| 13:02 | Create | Villager (Male) |
| 13:14 | Create | Militia |
| 13:14 | Create | Militia |
| 13:30 | Build | Market |
| 13:35 | Create | Villager (Male) |
| 13:47 | Build | Mule Cart |
| 13:49 | Create | Militia |
| 13:49 | Create | Militia |
| 13:55 | Research | Man-at-Arms (upgrade) |
| 13:56 | Research | Arson |
| 14:02 | Create | Villager (Male) |
| 14:09 | Research | Horse Collar |
| 14:38 | Build | Mule Cart |
| 14:58 | Research | Long Swordsman (upgrade) |
| 15:08 | Create | Villager (Male) |
| 15:08 | Create | Villager (Male) |
| 15:25 | Create | Militia |
| 15:25 | Create | Militia |
| 15:44 | Create | Villager (Male) |
| 15:44 | Create | Villager (Male) |
| 15:46 | Build | Farm |
| 15:47 | Build | Farm |
| 15:47 | Build | Farm |
| 15:47 | Build | Farm |
| 15:47 | Build | Farm |
| 15:48 | Build | Farm |
| 15:55 | Create | Militia |
| 15:56 | Create | Militia |
| 16:30 | Create | Villager (Male) |
| 16:31 | Create | Villager (Male) |
| 16:37 | Build | Farm |
| 16:37 | Build | Farm |
| 16:38 | Build | Farm |
| 16:57 | Create | Militia |
| 16:58 | Create | Militia |
| 16:58 | Create | Militia |
| 17:17 | Build | Farm |
| 17:17 | Build | Farm |
| 17:17 | Build | Farm |
| 17:17 | Build | Farm |
| 17:18 | Build | Farm |
| 17:18 | Build | Farm |
| 17:53 | Create | Villager (Male) |
| 17:54 | Create | Villager (Male) |
| 17:54 | Create | Villager (Male) |
| 18:12 | Research | Scale Mail Armor |
| 18:25 | Research | Loom |
| 18:25 | Create | Villager (Male) |
| 18:42 | Create | Militia |
| 18:42 | Create | Militia |
| 18:43 | Create | Militia |
| 19:18 | Build | House |
| 19:18 | Build | House |
| 19:18 | Build | House |
| 19:18 | Build | House |
| 19:19 | Build | House |
| 19:19 | Build | House |
| 19:19 | Build | House |
| 19:19 | Build | House |
| 19:26 | Create | Villager (Male) |
| 19:26 | Create | Villager (Male) |
| 19:28 | Build | Farm |
| 19:28 | Build | Farm |
| 19:28 | Build | Farm |
| 19:28 | Build | Farm |
| 19:28 | Build | Farm |
| 19:37 | Create | Militia |
| 19:38 | Create | Militia |
| 19:38 | Create | Militia |
| 19:56 | Build | Farm |
| 19:56 | Build | Farm |
| 20:10 | Research | Forging |
| 20:35 | Build | Mill |
| 20:37 | Build | Farm |
| 20:37 | Build | Farm |
| 20:37 | Build | Farm |
| 20:37 | Build | Farm |
| 20:38 | Build | Farm |
| 20:40 | Create | Villager (Male) |
| 20:40 | Create | Villager (Male) |
| 21:20 | Build | Gate |
| 21:21 | Build | Stone Wall |
| 21:47 | Research | Castle Age |
| 22:49 | Create | Militia |
| 22:50 | Create | Militia |
| 22:50 | Create | Militia |
| 23:41 | Build | Stone Wall |
| 23:45 | Research | Gold Mining |
| 23:49 | Research | Stone Mining |
| 24:05 | Create | Villager (Male) |
| 24:06 | Create | Villager (Male) |
| 24:06 | Create | Villager (Male) |
| 24:27 | Age | Castle Age |
| 24:35 | Build | Monastery |
| 24:36 | Build | Monastery |
| 24:41 | Create | Villager (Male) |
| 24:41 | Create | Villager (Male) |
| 24:47 | Build | Town Center |
Build order — ^_^
First 150 of 394 actions detected
| 0:02 | Create | Villager (Male) |
| 0:02 | Create | Villager (Male) |
| 0:04 | Build | House |
| 0:05 | Build | House |
| 0:10 | Create | Villager (Male) ×3 |
| 1:25 | Create | Villager (Male) |
| 1:26 | Create | Villager (Male) |
| 1:45 | Build | Lumber Camp |
| 1:59 | Create | Villager (Male) |
| 1:59 | Create | Villager (Male) |
| 2:25 | Create | Villager (Male) |
| 2:25 | Create | Villager (Male) |
| 2:37 | Build | House |
| 2:39 | Build | House |
| 3:06 | Create | Villager (Male) |
| 3:06 | Create | Villager (Male) |
| 3:51 | Create | Villager (Male) |
| 3:51 | Create | Villager (Male) |
| 4:18 | Create | Villager (Male) |
| 4:28 | Build | Mining Camp |
| 4:34 | Create | Villager (Male) |
| 4:54 | Build | House |
| 4:56 | Build | Palisade Wall |
| 4:58 | Build | Palisade Wall |
| 5:05 | Create | Villager (Male) |
| 5:06 | Create | Villager (Male) |
| 5:06 | Create | Villager (Male) |
| 5:42 | Create | Villager (Male) |
| 5:42 | Create | Villager (Male) |
| 6:15 | Build | Mill |
| 6:30 | Create | Villager (Male) |
| 6:31 | Create | Villager (Male) |
| 6:31 | Create | Villager (Male) |
| 6:43 | Build | Palisade Wall |
| 7:42 | Create | Villager (Male) |
| 7:42 | Create | Villager (Male) |
| 7:42 | Create | Villager (Male) |
| 8:34 | Create | Villager (Male) |
| 8:43 | Research | Feudal Age |
| 8:44 | Research | Feudal Age |
| 10:44 | Create | Villager (Male) |
| 10:47 | Age | Feudal Age |
| 10:53 | Build | Market |
| 10:55 | Build | Blacksmith |
| 10:59 | Create | Villager (Male) |
| 11:50 | Create | Villager (Male) |
| 12:11 | Research | Castle Age |
| 12:11 | Research | Castle Age |
| 12:22 | Research | Double-Bit Axe |
| 12:22 | Research | Double-Bit Axe |
| 12:53 | Build | House |
| 12:55 | Build | House |
| 13:54 | Research | Horse Collar |
| 13:54 | Research | Horse Collar |
| 14:38 | Age | Castle Age |
| 14:48 | Create | Villager (Male) |
| 14:49 | Create | Villager (Male) |
| 15:04 | Build | Town Center |
| 15:08 | Create | Villager (Male) |
| 15:21 | Build | Town Center |
| 15:26 | Research | Bow Saw |
| 15:34 | Build | Farm |
| 15:36 | Create | Villager (Male) |
| 15:50 | Build | House |
| 15:51 | Build | House |
| 15:52 | Build | House |
| 15:57 | Build | Farm |
| 15:59 | Create | Villager (Male) |
| 16:17 | Build | Farm |
| 16:33 | Create | Villager (Male) |
| 16:55 | Build | House |
| 16:56 | Build | House |
| 16:58 | Build | House |
| 17:04 | Build | Palisade Wall |
| 17:10 | Create | Villager (Male) |
| 17:11 | Create | Villager (Male) |
| 17:11 | Create | Villager (Male) |
| 17:11 | Create | Villager (Male) |
| 17:12 | Create | Villager (Male) |
| 17:17 | Create | Villager (Male) |
| 17:21 | Build | Farm |
| 17:22 | Build | Farm |
| 17:25 | Build | Farm |
| 17:26 | Build | Farm |
| 17:27 | Build | Farm |
| 17:29 | Build | Farm |
| 17:30 | Build | Farm |
| 17:50 | Build | House |
| 17:51 | Build | House |
| 17:54 | Create | Villager (Male) |
| 17:55 | Create | Villager (Male) |
| 17:56 | Build | Farm |
| 17:58 | Create | Villager (Male) |
| 17:59 | Build | Farm |
| 18:07 | Create | Villager (Male) |
| 18:09 | Create | Villager (Male) |
| 18:10 | Create | Villager (Male) |
| 18:16 | Build | Farm |
| 18:21 | Build | Farm |
| 18:25 | Create | Villager (Male) |
| 18:27 | Create | Villager (Male) |
| 18:33 | Build | Farm |
| 18:34 | Build | Farm |
| 18:42 | Build | House |
| 18:56 | Build | Palisade Gate |
| 19:02 | Create | Villager (Male) |
| 19:02 | Create | Villager (Male) |
| 19:04 | Build | Farm |
| 19:05 | Build | Farm |
| 19:13 | Build | Gate |
| 19:20 | Create | Villager (Male) |
| 19:21 | Create | Villager (Male) |
| 19:21 | Create | Villager (Male) |
| 19:21 | Create | Villager (Male) |
| 19:22 | Create | Villager (Male) |
| 19:35 | Build | Town Center |
| 19:41 | Create | Villager (Male) |
| 19:43 | Create | Villager (Male) |
| 19:53 | Create | Villager (Male) |
| 19:55 | Create | Villager (Male) |
| 19:55 | Create | Villager (Male) |
| 19:57 | Build | Farm |
| 20:07 | Build | Stone Wall |
| 20:17 | Create | Villager (Male) |
| 20:19 | Build | Farm |
| 20:22 | Create | Villager (Male) |
| 20:29 | Build | Farm |
| 20:30 | Create | Villager (Male) |
| 20:31 | Create | Villager (Male) |
| 20:38 | Create | Villager (Male) |
| 20:38 | Create | Villager (Male) |
| 20:38 | Create | Villager (Male) |
| 20:42 | Build | Farm |
| 20:45 | Create | Villager (Male) |
| 20:50 | Create | Villager (Male) |
| 21:04 | Build | Town Center |
| 21:06 | Build | Farm |
| 21:08 | Create | Villager (Male) |
| 21:09 | Create | Villager (Male) |
| 21:11 | Create | Villager (Male) |
| 21:13 | Create | Villager (Male) |
| 21:22 | Build | House |
| 21:26 | Build | House |
| 21:33 | Create | Villager (Male) |
| 21:34 | Create | Villager (Male) |
| 21:34 | Create | Villager (Male) |
| 21:40 | Create | Villager (Male) |
| 21:40 | Create | Villager (Male) |
| 21:40 | Create | Villager (Male) |
| 21:41 | Create | Villager (Male) |
Match timeline
| 0:58 | SaD · wall_segment Palisade Wall x1 |
| 1:55 | SaD · wall_segment Palisade Wall x1 |
| 1:56 | SaD · wall_segment Palisade Wall x1 |
| 1:57 | SaD · wall_segment Palisade Wall x1 |
| 1:58 | SaD · wall_segment Palisade Wall x1 |
| 3:18 | eterna1 · wall_segment Palisade Wall x14 |
| 3:20 | Your Mom's Favorite Athlete · wall_segment Palisade Wall x10 |
| 4:56 | ^_^ · wall_segment Palisade Wall x5 |
| 4:58 | ^_^ · wall_segment Palisade Wall x8 |
| 5:10 | eterna1 · wall_segment Palisade Wall x12 |
| 5:14 | ^0^Nova^0^ · wall_segment Palisade Wall x1 |
| 6:43 | ^_^ · wall_segment Palisade Wall x3 |
| 7:05 | eterna1 · wall_segment Palisade Wall x7 |
| 8:08 | eterna1 · wall_segment Palisade Wall x7 |
| 8:15 | TheGrainmaker · first_building Barracks |
| 9:27 | RedJohn · first_building Barracks |
| 9:46 | TheGrainmaker · age_up feudal |
| 9:48 | TheGrainmaker · first_building Archery Range |
| 10:31 | RedJohn · age_up feudal |
| 10:41 | Your Mom's Favorite Athlete · first_building Barracks |
| 10:47 | ^_^ · age_up feudal |
| 10:52 | severo7cm · first_building Barracks |
| 10:54 | severo7cm · age_up feudal |
| 11:30 | eterna1 · age_up feudal |
| 12:05 | SaD · age_up feudal |
| 12:09 | Your Mom's Favorite Athlete · wall_segment Palisade Wall x3 |
| 13:25 | ^0^Nova^0^ · age_up feudal |
| 14:38 | ^_^ · age_up castle |
| 15:08 | SaD · wall_segment Stone Wall x9 |
| 15:26 | Your Mom's Favorite Athlete · age_up feudal |
| 15:37 | SaD · first_market_sell 100 wood |
| 15:40 | SaD · first_market_buy 100 stone |
| 16:22 | SaD · wall_segment Stone Wall x6 |
| 16:32 | eterna1 · first_building Barracks |
| 16:40 | eterna1 · age_up castle |
| 16:51 | eterna1 · wall_segment Stone Wall x10 |
| 17:02 | ^0^Nova^0^ · age_up castle |
| 17:04 | ^_^ · wall_segment Palisade Wall x4 |
| 17:14 | ^0^Nova^0^ · first_building Siege Workshop |
| 17:29 | ^0^Nova^0^ · wall_segment Stone Wall x9 |
| 17:39 | eterna1 · first_building Stable |
| 17:43 | ^0^Nova^0^ · wall_segment Stone Wall x5 |
| 18:08 | ^_^ · first_market_buy 100 food |
| 18:25 | ^0^Nova^0^ · first_building Stable |
| 19:01 | eterna1 · wall_segment Stone Wall x7 |
| 19:22 | Your Mom's Favorite Athlete · first_building Archery Range |
| 19:49 | TheGrainmaker · wall_segment Stone Wall x7 |
| 20:07 | ^_^ · wall_segment Stone Wall x5 |
| 20:59 | SaD · wall_segment Palisade Wall x1 |
| 21:06 | TheGrainmaker · wall_segment Stone Wall x8 |
| 21:21 | severo7cm · wall_segment Stone Wall x9 |
| 21:33 | TheGrainmaker · wall_segment Stone Wall x1 |
| 21:34 | TheGrainmaker · wall_segment Stone Wall x1 |
| 21:56 | Your Mom's Favorite Athlete · first_market_buy 100 wood |
| 22:10 | SaD · first_building Barracks |
| 22:31 | eterna1 · first_building Siege Workshop |
| 22:47 | ^0^Nova^0^ · wall_segment Palisade Wall x1 |
| 23:14 | SaD · first_building Archery Range |
| 23:25 | TheGrainmaker · first_market_buy 100 food |
| 23:41 | severo7cm · wall_segment Stone Wall x7 |
| 23:43 | ^0^Nova^0^ · first_market_sell 100 wood |
| 23:45 | TheGrainmaker · wall_segment Stone Wall x4 |
| 23:46 | ^0^Nova^0^ · first_market_buy 100 food |
| 24:09 | ^_^ · wall_segment Stone Wall x4 |
| 24:20 | TheGrainmaker · wall_segment Stone Wall x1 |
| 24:21 | TheGrainmaker · wall_segment Stone Wall x1 |
| 24:25 | TheGrainmaker · wall_segment Stone Wall x4 |
| 24:26 | TheGrainmaker · wall_segment Stone Wall x1 |
| 24:27 | severo7cm · age_up castle |
| 24:28 | TheGrainmaker · wall_segment Stone Wall x2 |
| 24:35 | severo7cm · first_building Monastery |
| 25:23 | Your Mom's Favorite Athlete · first_market_sell 100 wood |
| 26:04 | ^_^ · first_building Castle |
| 26:06 | TheGrainmaker · age_up castle |
| 26:10 | TheGrainmaker · wall_segment Stone Wall x7 |
| 26:23 | Your Mom's Favorite Athlete · first_building Stable |
| 26:24 | ^_^ · first_building Monastery |
| 26:34 | RedJohn · age_up castle |
| 27:02 | RedJohn · first_market_sell 100 food |
| 27:08 | RedJohn · first_market_buy 100 stone |
| 27:47 | TheGrainmaker · first_building Siege Workshop |
| 28:18 | RedJohn · first_building Castle |
| 28:21 | Your Mom's Favorite Athlete · age_up castle |
| 29:05 | Your Mom's Favorite Athlete · wall_segment Stone Wall x5 |
| 29:10 | Your Mom's Favorite Athlete · first_building Siege Workshop |
| 29:31 | SaD · wall_segment Stone Wall x1 |
| 29:42 | TheGrainmaker · wall_segment Stone Wall x1 |
| 30:03 | ^_^ · age_up imperial |
| 30:09 | SaD · wall_segment Stone Wall x9 |
| 30:09 | eterna1 · first_building Monastery |
| 30:19 | ^_^ · wall_segment Stone Wall x13 |
| 30:20 | SaD · wall_segment Stone Wall x1 |
| 30:21 | SaD · wall_segment Stone Wall x1 |
| 31:02 | severo7cm · first_building Castle |
| 31:05 | ^0^Nova^0^ · first_building Monastery |
| 31:14 | Your Mom's Favorite Athlete · first_building Monastery |
| 32:38 | ^_^ · first_building Barracks |
| 32:40 | RedJohn · first_building Siege Workshop |
| 33:13 | ^_^ · first_building Stable |
| 33:45 | Your Mom's Favorite Athlete · first_building Castle |
| 33:51 | eterna1 · first_market_buy 100 wood |
| 34:21 | RedJohn · age_up imperial |
| 34:44 | eterna1 · age_up imperial |
| 35:58 | severo7cm · first_building Siege Workshop |
| 36:05 | ^0^Nova^0^ · tribute_sent a jugador 1 |
| 36:05 | ^0^Nova^0^ · tribute_sent a jugador 3 |
| 36:05 | ^0^Nova^0^ · tribute_sent a jugador 4 |
| 36:05 | ^0^Nova^0^ · tribute_sent a jugador 5 |
| 36:05 | ^0^Nova^0^ · tribute_sent a jugador 6 |
| 36:05 | ^0^Nova^0^ · tribute_sent a jugador 7 |
| 36:05 | ^0^Nova^0^ · tribute_sent a jugador 8 |
| 36:43 | TheGrainmaker · first_building Monastery |
| 36:46 | eterna1 · first_market_sell 100 stone |
| 37:27 | Your Mom's Favorite Athlete · wall_segment Stone Wall x6 |
| 37:46 | ^_^ · wall_segment Stone Wall x28 |
| 38:17 | ^0^Nova^0^ · first_building Castle |
| 38:23 | TheGrainmaker · first_building Castle |
| 38:28 | ^0^Nova^0^ · age_up imperial |
| 38:37 | TheGrainmaker · wall_segment Stone Wall x1 |
| 38:38 | TheGrainmaker · wall_segment Stone Wall x1 |
| 38:49 | severo7cm · tribute_sent a jugador 1 |
| 38:49 | severo7cm · tribute_sent a jugador 2 |
| 38:49 | severo7cm · tribute_sent a jugador 3 |
| 38:49 | severo7cm · tribute_sent a jugador 4 |
| 38:49 | severo7cm · tribute_sent a jugador 5 |
| 38:49 | severo7cm · tribute_sent a jugador 6 |
| 38:49 | severo7cm · tribute_sent a jugador 8 |
| 38:54 | severo7cm · tribute_sent a jugador 1 |
| 38:54 | severo7cm · tribute_sent a jugador 2 |
| 38:54 | severo7cm · tribute_sent a jugador 3 |
| 38:54 | severo7cm · tribute_sent a jugador 4 |
| 38:54 | severo7cm · tribute_sent a jugador 5 |
| 38:54 | severo7cm · tribute_sent a jugador 6 |
| 38:54 | severo7cm · tribute_sent a jugador 8 |
| 39:07 | severo7cm · wall_segment Stone Wall x12 |
| 39:34 | severo7cm · wall_segment Stone Wall x11 |
| 39:53 | severo7cm · age_up imperial |
| 40:17 | SaD · resign |
[ AI ANALYSIS · 1 CREDIT ]
What really happened in this match?
Wolo.gg analyzes every decision: build order, eco, micro, common mistakes by bracket. Personalized analysis on WhatsApp or Discord in 30 seconds.
Civ guide
Inca
Map guide
Black Forest
Perfil
RedJohn